 Dungeon Crawl Stone Soup version 0.29.1-13-g9f3cf754e1 (webtiles) character file.

Game seed: 16936682435459183710

1 BabyfaceFinlayson the Firebug (level 1, 0/16 HPs)
             Began as an Ogre Fire Elementalist on Feb 10, 2023.
             Slain by a hobgoblin (1 damage)
             ... on level 1 of the Dungeon.
             The game lasted 00:01:06 (44 turns).

BabyfaceFinlayson the Firebug (OgFE)                  Turns: 44, Time: 00:01:07

Health: 0/16       AC:  3    Str: 11    XL:     1   Next: 20%
Magic:  1/3        EV:  9    Int: 16    God:
Gold:   0          SH:  0    Dex:  9    Spells: 3/4 levels left

rFire   . . .      SeeInvis .   (no weapon)
rCold   . . .      Faith    .   (no shield)
rNeg    . . .      Spirit   .   a - +0 robe
rPois   .          Reflect  .   (helmet restricted)
rElec   .          Harm     .   (no cloak)
rCorr   .          Rampage  .   (gloves unavailable)
Will    .....                   (boots unavailable)
Stlth   +.........              (no amulet)
HPRegen 0.05/turn               (no ring)
MPRegen 0.08/turn               (no ring)

@: no status effects
A: large, unfitting armour, tough skin 1
a: no special abilities


You were on level 1 of the Dungeon.
You visited 1 branch of the dungeon, and saw 1 of its levels.

Inventory:

Armour
 a - a +0 robe (worn)


   Skills:
 + Level 1.7 Dodging
 + Level 1.4 Stealth
 + Level 2.4 Spellcasting
 + Level 0.8 Conjurations
 + Level 2.8 Fire Magic


You had 3 spell levels left.
You knew the following spells:

 Your Spells              Type           Power      Damage    Failure   Level
a - Foxfire               Conj/Fire      28%        2x1d5     10%         1

Your spell library contained the following spells:

 Spells                   Type           Power      Damage    Failure   Level
 Scorch                   Fire           20%        2d6       10%         2
 Conjure Flame            Conj/Fire      7%         6-21      28%         3
 Inner Flame              Hex/Fire       6%         N/A       32%         3
 Flame Wave               Conj/Fire      7%         2d5       67%         4


Dungeon Overview and Level Annotations

Branches:
Dungeon (1/15)

Altars:


Innate Abilities, Weirdness & Mutations

You are too large for most types of armour.
You have tough skin. (AC +1)


Message History

The giant cockroach attacks as you move away!
The giant cockroach barely misses you.
A goblin comes into view. It is wielding a +0 dagger.
The giant cockroach closely misses you.
The hobgoblin shouts!
The hobgoblin attacks as you move away! The hobgoblin hits you.
The hobgoblin attacks as you move away! The hobgoblin hits you.
The giant cockroach attacks as you move away!
The giant cockroach bites you but does no damage.
A ball python and a rat come into view.
You hear an angry hiss.
The quokka twitches its whiskers.
A kobold comes into view. It is wielding a +0 short sword.
The hobgoblin barely misses you.
The ball python hisses angrily.
The hobgoblin attacks as you move away! The hobgoblin completely misses you.
The giant cockroach attacks as you move away!
The giant cockroach bites you.
* * * LOW HITPOINT WARNING * * *
The giant cockroach closely misses you.
The hobgoblin hits you but does no damage.
Magic courses through your body.
The giant cockroach bites you but does no damage.
The quokka bites you.
* * * LOW HITPOINT WARNING * * *
The giant cockroach barely misses you. The quokka bites you.
* * * LOW HITPOINT WARNING * * *
The hobgoblin attacks as you move away! The hobgoblin barely misses you.
Casting: Foxfire (safe; 10% risk of failure)
Confirm with . or Enter, or press ? or * to list all spells.
You conjure some foxfire!
The quokka closely misses you.
The hobgoblin hits you but does no damage.
Your foxfire dissipates!
The foxfire hits the hobgoblin.
The hobgoblin is moderately wounded.
Casting: Foxfire (safe; 10% risk of failure)
Confirm with . or Enter, or press ? or * to list all spells.
You conjure some foxfire!
The quokka closely misses you. The hobgoblin hits you.
You die...

....#..#...r...............
.......#...######......####
.......#..........[......
##..S.#.#################
#....g.................
......##.g#.B.rrB.....##
#..#. #[.#gK..Sg....... #
#. #....####rg.#### #
#....### #@#.# #....# #v# #
....#..# #.# ..###..# ..#
..# ##.# ### .# #.. ##


You could see a quokka (ally target), a giant cockroach, 2 hobgoblins, a ball
python and 2 rats.

Vanquished Creatures
  A goblin (D:1)
1 creature vanquished.

Vanquished Creatures (others)
  4 foxfires (D:1)
4 creatures vanquished.

Grand Total: 5 creatures vanquished

Notes
Turn   | Place    | Note
-------+----------+-------------------------------------------
     0 | D:1      | BabyfaceFinlayson the Ogre Fire Elementalist began the
                  | quest for the Orb.
     0 | D:1      | Reached XP level 1. HP: 16/16 MP: 3/3
    44 | D:1      | Slain by a hobgoblin

Illustrated notes

Levels and vault maps discovered:
D:1:      dpeg_arrival_line_fractal, layout_rooms,
          hellmonk_ecumenical_altar_inner_sanctum

Action                   || total
-------------------------++-------
Melee: Unarmed           ||     1
 Cast: Foxfire           ||     4
  Use: Potion            ||     1
Armor: Robe              ||    10
Dodge: Dodged            ||    17
